Map: Abyssal Reef LE

Players

Yata - Winner!

  • Race: Zerg Zerg
  • League: Gold
  • Spawn Location: 11:00

Spartan

  • Race: Terran Terran
  • League: Gold
  • Spawn Location: 5:00

VOD

Have the link to the VOD?

Description

Time

  • Played on: Sept. 7, 2017, 10:03 p.m.
  • Length: 20:57
Show
View Real Time Build Order
Export as new Build Order

Yata Zerg - Winner!

Build Orders: Hatch First 

Get SALT Encoding   

  12  0:01  Drone  
  13  0:12  Overlord  
  13  0:18  Drone  
  14  0:31  Drone x2  
  14  0:35  Drone  
  17  0:45  Drone  
  18  1:01  Hatchery  
  18  1:03  Drone  
  18  1:04  Extractor  
  17  1:17  Spawning Pool  
  17  1:18  Drone  
  17  1:22  Drone  
  18  2:04  Drone x3  
  21  2:12  Queen  
  21  2:15  Zergling x4  
  25  2:16  Queen  
  26  2:41  Zergling x4  
  28  2:45  Metabolic Boost  
  28  2:58  Overlord  
  28  2:59  Overlord  
  28  3:18  Drone  
  28  3:19  Drone x4  
  33  3:23  Baneling Nest  
  32  3:38  Drone x4  
  32  3:40  Overlord x3  
  36  3:58  Drone x2  
  36  3:59  Drone x4  
  36  4:00  Drone  
  43  4:03  Zergling x4  
  43  4:04  Zergling x2  
  46  4:12  Evolution Chamber  
  45  4:22  Overlord  
  44  4:31  Zergling x2  
  44  4:32  Zergling x8  
  44  4:38  Baneling x5  
  48  4:46  Lair  
  48  4:53  Hatchery  
  47  5:06  Extractor  
  46  5:11  Queen  
  42  5:24  Zergling x2  
  42  5:25  Zergling x16  
  50  5:32  Zerg Melee Weapons Level 1  
  50  5:57  Spire  
  50  6:03  Zergling x2  
  54  6:04  Zergling x18  
  54  6:09  Queen  
  54  6:10  Queen  
  64  6:47  Drone x3  
  64  6:51  Overlord x3  
  64  6:52  Overlord  
  66  6:58  Pneumatized Carapace  
  66  7:11  Zerg Flyer Weapons Level 1  
  66  7:13  Corruptor x2  
  70  7:26  Drone x4  
  74  7:49  Overlord x3  
  74  7:50  Overlord x2  
  74  7:56  Baneling x5  
  74  7:57  Baneling x4  
  74  8:08  Zergling x14  
  74  8:09  Zergling x28  
  64  8:28  Drone  
  64  8:29  Drone x8  
  70  8:36  Corruptor  
  70  8:37  Corruptor  
  74  8:42  Extractor, Drone  
  74  8:43  Drone  
  74  8:44  Extractor  
  74  8:57  Drone x5  
  74  8:58  Drone  
  80  9:05  Extractor  
  80  9:06  Corruptor x2, Extractor  
  82  9:11  Zergling x8  
  82  9:14  Baneling x2  
  82  9:15  Baneling x2  
  86  9:27  Drone x5  
  86  9:28  Drone x3  
  94  9:42  Hatchery  
  93  9:49  Zerg Ground Armor Level 1  
  93  9:51  Zerg Flyer Armor Level 1  
  93  9:55  Corruptor  
  89  10:06  Zergling x2  
  76  10:07  Zergling x28  
  90  10:15  Corruptor x2  
  94  10:27  Drone x5  
  94  10:28  Drone x3  
  102  10:32  Corruptor x2  
  106  10:43  Drone x8  
  106  10:48  Overlord  
  106  10:49  Overlord  
  114  10:59  Queen  
  116  11:16  Zergling x12  
  116  11:17  Zergling x14  
  129  11:24  Drone x6  
  135  11:39  Drone  
  136  11:42  Centrifical Hooks  
  136  11:44  Hatchery  
  135  11:59  Overlord x3  
  135  12:00  Overlord x4  
  135  12:03  Baneling x2  
  135  12:04  Baneling x5  
  135  12:14  Zerg Flyer Armor Level 2  
  131  12:32  Zergling x12  
  131  12:33  Zergling x28  
  137  12:46  Zergling x14  
  137  12:47  Zergling x12  
  138  13:00  Baneling x3  
  138  13:01  Baneling x3  
  138  13:07  Drone x11  
  149  13:17  Corruptor x5  
  159  13:26  Infestation Pit  
  150  13:45  Zergling x2  
  150  13:46  Zergling x30  
  150  13:47  Zergling x14  
  162  13:51  Queen  
  164  13:56  Zerg Ground Armor Level 2  
  156  14:05  Zergling x2  
  156  14:06  Zergling x14  
  163  14:14  Baneling x2  
  163  14:15  Baneling x6  
  163  14:16  Baneling x2  
  161  14:17  Zergling x2  
  161  14:18  Zergling x12  
  168  14:29  Overseer  
  168  14:35  Hatchery  
  166  14:51  Zergling x16  
  166  14:52  Zergling x26  
  172  15:02  Zergling x10  
  168  15:10  Zerg Flyer Weapons Level 2  
  149  15:21  Zergling x2  
  149  15:22  Zergling x18  
  146  15:31  Zergling x2  
  146  15:32  Zergling x8  
  146  15:35  Zergling x2  
  140  15:51  Zergling x16  
  148  16:00  Hatchery  
  147  16:04  Baneling  
  147  16:05  Baneling x6  
  147  16:06  Baneling x6  
  147  16:07  Baneling x2  
  147  16:10  Drone  
  148  16:12  Zergling x2  
  148  16:13  Zergling x38  
  148  16:14  Zergling x8  
  172  16:19  Zerg Melee Weapons Level 2  
  172  16:27  Zergling x2  
  172  16:28  Zergling x14  
  180  16:50  Zergling x20  
  180  16:51  Zergling x16  
  178  17:03  Zergling x6  
  178  17:04  Zergling x14  
  167  17:21  Zergling x2  
  167  17:22  Zergling x32  
  140  17:41  Zergling x6  
  140  17:42  Zergling x18  
  148  17:46  Baneling x4  
  148  17:47  Baneling x5  
  148  17:48  Baneling x5  
  148  17:49  Baneling x4  
  148  17:50  Baneling x3  
  148  17:51  Baneling x9, Hatchery  
  147  17:52  Zergling x12  
  147  17:57  Zergling x8  
  147  17:58  Zergling x4  
  159  18:13  Zergling x22  
  159  18:14  Zergling x2  
  168  18:55  Zergling x6  
  154  18:56  Zergling x50  
  154  18:57  Zergling x10  
Show
View Real Time Build Order
Export as new Build Order

Spartan Terran 

Build Orders: MMM Bio 

Get SALT Encoding   

  12  0:04  SCV  
  13  0:16  SCV  
  13  0:20  Supply Depot  
  14  0:23  Supply Depot  
  14  0:28  SCV  
  15  0:45  SCV  
  15  0:47  Barracks  
  16  0:52  Refinery  
  17  0:57  SCV  
  17  1:09  SCV  
  18  1:12  Barracks  
  18  1:21  SCV  
  19  1:36  Reaper  
  19  1:38  Orbital Command  
  20  1:46  Supply Depot  
  20  2:02  Barracks Reactor  
  20  2:06  Barracks  
  20  2:08  Marine  
  21  2:28  Marine  
  22  2:44  Marine x2  
  22  2:45  Marine  
  25  3:20  Marine x2  
  25  3:21  Barracks Tech Lab  
  25  3:24  SCV  
  25  3:25  Factory  
  28  3:27  Supply Depot  
  28  3:28  Refinery  
  28  3:34  Command Center  
  29  3:43  Stimpack  
  27  3:54  Supply Depot  
  27  3:57  Marine x2  
  29  4:10  SCV  
  29  4:13  Starport  
  29  4:14  Factory Reactor  
  30  4:22  Marine x2  
  30  4:23  Marine  
  33  4:24  SCV  
  34  4:36  Supply Depot  
  34  4:37  SCV  
  35  4:41  Marine  
  35  4:42  Marine  
  37  4:54  Orbital Command  
  37  5:05  Medivac  
  39  5:09  Widow Mine  
  41  5:15  SCV  
  40  5:25  Marine x2  
  31  5:33  Orbital Command  
  31  5:35  Engineering Bay  
  31  5:49  Liberator x2  
  30  5:52  Marine x4  
  34  6:07  Factory Tech Lab  
  34  6:10  Marine x2  
  34  6:11  Supply Depot  
  42  6:20  SCV x2  
  42  6:24  Terran Infantry Weapons Level 1  
  44  6:27  Combat Shields  
  44  6:29  Marine  
  44  6:32  SCV x2  
  47  6:34  Marine  
  47  6:35  Marine  
  49  6:45  Marine  
  50  6:47  Marine, SCV x2  
  50  6:54  Marine x2  
  53  6:59  SCV x2  
  56  7:03  Marine  
  56  7:06  Supply Depot  
  57  7:11  SCV x2  
  57  7:13  Marine x3  
  62  7:17  Siege Tank  
  62  7:21  Marine  
  66  7:24  Supply Depot, SCV  
  66  7:25  SCV  
  68  7:36  SCV, Marine x3  
  68  7:37  SCV  
  73  7:39  Marine  
  74  7:49  Refinery, SCV x2  
  74  7:50  Missile Turret  
  76  7:51  Refinery  
  76  7:54  Marine x2  
  76  7:58  Marine  
  79  8:00  Marauder  
  81  8:07  SCV x2  
  81  8:09  Siege Tank  
  54  8:29  Marine  
  54  8:30  Marine x3  
  50  8:41  Siege Tank  
  50  8:46  Missile Turret  
  50  8:48  SCV x2  
  55  8:49  Marine x3  
  58  8:57  Terran Infantry Armor Level 1  
  58  9:00  Armory, SCV x2  
  60  9:04  Supply Depot  
  60  9:05  Supply Depot, Marine  
  61  9:10  Marine  
  61  9:12  SCV x2  
  64  9:18  Marine x2  
  66  9:24  SCV x2  
  68  9:57  Missile Turret  
  67  10:08  Marine  
  67  10:09  Marine x3  
  67  10:11  Concussive Shells  
  67  10:12  SCV  
  67  10:13  SCV  
  73  10:22  Command Center  
  73  10:25  SCV x2  
  73  10:27  Command Center  
  75  10:35  Marine  
  75  10:36  Supply Depot x2, Marine x3  
  75  10:37  SCV  
  75  10:38  Medivac x2  
  84  10:46  Siege Tank  
  84  10:48  SCV  
  88  10:52  Supply Depot  
  88  10:55  Supply Depot  
  88  10:56  Supply Depot  
  88  10:57  Terran Ship Weapons Level 1  
  88  10:59  SCV  
  88  11:00  SCV, Marine x3  
  95  11:04  Marauder  
  95  11:11  Bunker  
  95  11:20  SCV x2  
  95  11:22  Terran Infantry Weapons Level 2  
  97  11:35  Marine x3  
  97  11:36  Marine  
  101  11:42  Orbital Command  
  101  12:01  Marine x3  
  101  12:02  Marine  
  105  12:20  Engineering Bay  
  105  12:21  Command Center, Engineering Bay  
  103  12:23  Engineering Bay  
  87  12:55  Planetary Fortress  
  87  12:57  Marine x4  
  88  12:58  Siege Tank  
  88  13:01  SCV  
  88  13:02  Liberator, SCV  
  88  13:03  Liberator  
  93  13:08  Terran Infantry Armor Level 2  
  93  13:13  Supply Depot x2  
  93  13:14  Supply Depot  
  93  13:15  Supply Depot  
  93  13:17  Marine  
  93  13:18  Marine x3  
  103  13:29  Refinery x2  
  97  13:53  Marine x4  
  98  14:02  Viking  
  98  14:03  Viking  
  102  14:10  Marine, Siege Tank  
  102  14:11  Marine x3  
  109  14:25  Command Center  
  109  14:28  Marine  
  110  14:32  Viking x2  
  77  15:32  Marine x4  
  77  15:33  Siege Tank  
  81  15:38  Medivac x2  
  81  15:50  Marine x3  
  81  15:52  Barracks  
  81  15:55  Barracks  
  81  15:56  Barracks  
  84  15:57  Barracks, Marine  
  85  16:07  Marine  
  85  16:09  Marine  
  85  16:10  Marine  
  88  16:11  Siege Tank  
  88  16:14  Orbital Command  
  88  16:15  Marine  
  92  16:43  SCV x4  
  96  16:49  Marine  
  96  16:50  Marine x2  
  68  17:21  Marine x3  
  50  17:39  Marine x3  
  50  17:42  Siege Tank  
  50  17:43  Viking x2  
  60  17:46  Barracks Reactor x2, Barracks Tech Lab x2  
  60  17:56  Marine, Command Center  
  60  17:57  Marine x2  
  60  17:58  Command Center  
  63  18:13  Viking x2  
  63  18:17  Missile Turret  
  67  18:24  SCV x2  
Tags
 
Composition
MMM Bio
League
GoldGold
Matchup
TvZ
Replay Pack
Pack 1
Spawn Locations
Cross Positions
Add a new tag
Caveats
  • Supply blocks, unpowered buildings, or Contaminate may cause inaccurate times.
  • Supply counts are checked every 10 seconds.